cohdb
Replays
Latest Replays
All Replays
Popular Replays
Top Player Replays
Match Explorer
How It Works
Community
CoH3 Stats
Reddit
Sign in to upload your games and track your stats! →
Sign in with Steam
Match 43192129
Unlisted
Match 43192129
Overview
Messages
Build Orders
End
Construct Barracks
Construct Weapon Support Center
Scout Squad
M1919 Machine Gun Team
Selects Heavy Weapons
M1919 Machine Gun Team
Engineer Squad
Infantry Support Center
Selects M2HB .50cal Heavy Machine Gun
Construct Motor Pool
Mortar Pit
M8 Greyhound Armored Car
M1 Anti-tank Gun Team
Construct Medical Station
Engineer Squad
Selects Rapid Reposition
M1 Anti-tank Gun Team
Construct Tank Depot
Mortar Pit
Johoni
Winston Churchill the Donnie
Afflikti0n
MuniekPL
Papa Shango
Husar
0
0
Comments
sign in to comment!
No comments posted yet!